 Dungeon Crawl Stone Soup version 0.21-a0-504-g2eda33064f (webtiles) character file.

48 Kaname the Conjurer (level 3, 0/24 HPs)
             Began as a Demonspawn Wizard on Nov 25, 2017.
             Slain by a leopard gecko (4 damage)
             ... on level 3 of the Dungeon.
             The game lasted 00:03:18 (2156 turns).

Kaname the Conjurer (Demonspawn Wizard)             Turns: 2156, Time: 00:03:18

Health: 0/24       AC:  3    Str:  7    XL:     3   Next: 50%
Magic:  0/7        EV: 12    Int: 20    God:
Gold:   52         SH:  0    Dex: 11    Spells: 2/8 levels left

rFire    . . .     SeeInvis .   m - +0 spear
rCold    . . .     Gourm    .   (no shield)
rNeg     . . .     Faith    .   a - +0 robe
rPois    .         Spirit   +   b - +0 hat
rElec    .         Reflect  .   (no cloak)
rCorr    .         Harm     .   j - +0 pair of gloves
MR       .....                  (no boots)
Stlth    ++........             (no amulet)
HPRegen  0.08/turn              (no ring)
MPRegen  0.10/turn              (no ring)

@: flying
A: horns 1, magic shield
a: no special abilities


You were on level 3 of the Dungeon.
You were hungry.

You visited 1 branch of the dungeon, and saw 3 of its levels.

You collected 52 gold pieces.

Inventory:

Hand Weapons
 m - a +0 spear (weapon)
Armour
 a - a +0 robe (worn)
 b - a +0 hat (worn)
 j - a +0 pair of gloves (worn)
Scrolls
 e - 3 scrolls of remove curse {unknown}
 f - 2 scrolls of teleportation {unknown}
 g - 2 scrolls of immolation {unknown}
 h - a scroll of identify {unknown}
 k - a scroll of blinking {unknown}
Potions
 l - a potion of might {unknown}
 n - a potion of curing {unknown}
Books
 c - a book of Minor Magic

   Spells                             Type                      Level
   a - Magic Dart                     Conjuration                  1
   b - Blink                          Translocation                2
   c - Call Imp                       Summoning                    2
   d - Slow                           Hexes                        2
   e - Conjure Flame                  Conjuration/Fire             3
   f - Mephitic Cloud                 Conjuration/Poison/Air       3
Comestibles
 d - 4 bread rations


   Skills:
 - Level 1.7 Dodging
 - Level 1.7 Stealth
 - Level 3.0 Spellcasting
 + Level 3.5 Conjurations
   Level 1.0 Summonings
 - Level 0.8 Translocations


You had 2 spell levels left.
You knew the following spells:

 Your Spells              Type           Power        Failure   Level  Hunger
a - Magic Dart            Conj           ###.         3%          1    None
b - Blink                 Tloc           N/A          16%         2    ##.....
c - Mephitic Cloud        Conj/Pois/Air  #.......     26%         3    ###....


Dungeon Overview and Level Annotations

Branches:
Dungeon (3/15)

Altars:


Innate Abilities, Weirdness & Mutations

You have a pair of small horns on your head.
When hurt, damage is shared between your health and your magic reserves.


Message History

The gnoll hits you from afar with a spear.
The leopard gecko bites you.
Casting: Magic Dart
Confirm with . or Enter, or press ? or * to list all spells.
Aiming: Magic Dart
Press: ? - help, Shift-Dir - straight line, f/p - gnoll
Aim: a gnoll, wielding a spear The magic dart hits the leopard gecko.
The leopard gecko is heavily wounded.
The gnoll hits you from afar with a spear!
The leopard gecko barely misses you.
You hit the leopard gecko.
The leopard gecko is severely wounded.
The gnoll hits you from afar with a spear.
* * * LOW HITPOINT WARNING * * *
The leopard gecko closely misses you.
It was a potion of flight.
You feel very buoyant.
You fly up into the air.
The leopard gecko bites you.
You die...

#.. #. #.# #. #.# .## #.#
+# ..# #.# ... ##.# #.####
.... .#.# #.##.## $....
...########.#...####g.....
........).......@l.gg.....
...#####.##.#...####g.....
.### #.##[##..# ..... ##
#.##.###.# .... # #.#...
#.# ... # #.##.. #.# +# #
#.###.##.# # #.# .##.# #
..#


You could see 4 gnolls and a leopard gecko.

Vanquished Creatures
  3 adders
  2 dart slugs
  2 bats (D:2)
  A giant cockroach (D:2)
  A goblin (D:2)
  4 hobgoblins
  3 kobolds
  A frilled lizard (D:1)
17 creatures vanquished.

Notes
Turn   | Place    | Note
-------+----------+-------------------------------------------
     0 | D:1      | Kaname the Demonspawn Wizard began the quest for the Orb.
     0 | D:1      | Reached XP level 1. HP: 13/13 MP: 4/4
  1461 | D:2      | Gained mutation: When hurt, damage is shared between your health and your magic reserves. [demonic ancestry]
  1461 | D:2      | Reached XP level 2. HP: 12/19 MP: 1/6
  1775 | D:2      | Gained mutation: You have a pair of small horns on your head. [demonic ancestry]
  1775 | D:2      | Reached XP level 3. HP: 17/24 MP: 1/7
  1779 | D:2      | Learned a level 2 spell: Blink
  1783 | D:2      | Learned a level 3 spell: Mephitic Cloud
  1812 | D:2      | Noticed an ice beast
  2156 | D:3      | Slain by a leopard gecko

Vault maps used:
D:1:      giann_bridges
D:2:      first_bread, grunt_decor_resistance

Skill      XL: |  1  2 |
---------------+-------+-----
Conjurations   | 2 3 |  3.5
Dodging        | |  1.7
Stealth        | |  1.7
Spellcasting   | |  3.0
Summonings     | |  1.0
Translocations | |  0.8

Action                   || total
-------------------------++-------
Melee: Unarmed           ||    11
       Spear             ||    14
 Cast: Magic Dart        ||    51
  Use: Potion            ||     2
  Eat: Chunk             ||     3
Armor: Robe              ||     3
Dodge: Dodged            ||    26

Table legend:
 A = Spawn XP
 B = Non-spawn XP
 C = Spawn XP percentage of total XP
 D = Spawn monster count
 E = Non-spawn monster count
 F = Spawn count percentage of total count
 G = Total turns spent on level
                    A         B        C        D         E        F      G
               +---------+---------+-------+---------+---------+-------+---------
         Total |       0 |      69 |   0.0 |       0 |      17 |   0.0 |  2156
               +---------+---------+-------+---------+---------+-------+---------
           D:1 |       0 |       9 |   0.0 |       0 |       4 |   0.0 |  1459
           D:2 |       0 |      47 |   0.0 |       0 |      12 |   0.0 |   659
           D:3 |       0 |      13 |   0.0 |       0 |       1 |   0.0 |    38
               +---------+---------+-------+---------+---------+-------+---------
